 Dungeon Crawl Stone Soup version 0.28-a0-662-g1651b1f1e0 (webtiles) character file.

Game seed: 2310938508779494579

44 kipponium the Chopper (level 3, 0/27 HPs)
             Began as a Demonspawn Gladiator on Oct 14, 2021.
             Hit by a boomerang of dispersal thrown by an orc (4 damage)
             ... on level 4 of the Dungeon.
             The game lasted 00:07:13 (1319 turns).

kipponium the Chopper (Demonspawn Gladiator)        Turns: 1319, Time: 00:07:15

Health: 0/27       AC:  4    Str: 14    XL:     3   Next: 39%
Magic:  5/5        EV: 13    Int: 10    God:
Gold:   62         SH:  4    Dex: 20    Spells: 3/4 levels left

rFire   . . .      SeeInvis .   m - +1 whip (elec)
rCold   . . .      Faith    .   (no shield)
rNeg    . . .      Spirit   .   b - +0 leather armour
rPois   .          Reflect  .   c - +0 helmet
rElec   .          Harm     .   (no cloak)
rCorr   .          Rampage  .   (no gloves)
Will    .....                   (no boots)
Stlth   +.........              (no amulet)
HPRegen 0.09/turn               e - +6 ring of dexterity
MPRegen 0.09/turn               (no ring)

@: no status effects
A: hooves 1, condensation shield
a: no special abilities


You were on level 4 of the Dungeon.
You visited 1 branch of the dungeon, and saw 3 of its levels.

You collected 62 gold pieces.

Inventory:

Hand Weapons
 a - a +0 war axe
 l - a +2 dagger of venom
 m - a +1 whip of electrocution (weapon)
Missiles
 d - 3 throwing nets (quivered)
 g - 2 javelins
 p - 8 poisoned darts
Armour
 b - a +0 leather armour (worn)
 c - a +0 helmet (worn)
Jewellery
 e - a +6 ring of dexterity (left hand)
Scrolls
 h - 2 scrolls of identify
 j - a scroll of noise
 k - a scroll of magic mapping {unknown}
 o - a scroll of fog {unknown}
Potions
 n - a potion of degeneration


   Skills:
 - Level 2.0 Fighting
 - Level 3.1 Axes
 - Level 1.7 Throwing
 - Level 2.6 Dodging
 * Level 1.4 Spellcasting
 * Level 2.0 Necromancy


You had 3 spell levels left.
You knew the following spells:

 Your Spells              Type           Power      Damage    Failure   Level
a - Pain                  Necr           16%        1d4       19%         1

Your spell library contained the following spells:

 Spells                   Type           Power      Damage    Failure   Level
 Dazzling Flash           Conj/Hex       0%         N/A       77%         3
 Ignite Poison            Fire/Tmut/Pois 0%         N/A       77%         3
 Mephitic Cloud           Conj/Pois/Air  0%         N/A       77%         3
 Iskenderun's Mystic Bla  Conj/Tloc      0%         2d3       99%         4
 Agony                    Necr           4%         N/A       99%         5
 Excruciating Wounds      Necr           2%         N/A       99%         5
 Freezing Cloud           Conj/Ice/Air   0%         6-21      100%        5
 Starburst                Conj/Fire      0%         6d3       100%        6


Dungeon Overview and Level Annotations

Branches:
Dungeon (2/15)

Altars:

Shops:
D:1 *(?!:


Innate Abilities, Weirdness & Mutations

You have large cloven feet.
A meltable shield of frost defends you. (SH +4)


Message History

Unknown command.
You hit the orc but do no damage. The orc hits you with a +0 hand axe.
You hit the orc but do no damage. Your kick misses the orc.
The orc hits you but does no damage. x2
You hit the orc.
The orc is lightly wounded.
The kobold throws a stone.
The stone hits you. The orc hits you with a +0 hand axe.
You block the orc's attack.
You hit the orc but do no damage. You kick the orc, but do no damage.
The orc is lightly wounded.
The orc hits you with a +0 hand axe.
* * * LOW HITPOINT WARNING * * *
You block the orc's attack.
You feel better.
The kobold throws a stone.
The stone closely misses you. The orc closely misses you.
The orc barely misses you.
You closely miss the orc. You kick the orc, but do no damage.
The orc is lightly wounded.
The kobold throws a stone.
The stone closely misses you. The orc hits you with a +0 hand axe.
The orc completely misses you.
Okay, then.
As you read the scroll labelled SAYCOQ EREREH, it crumbles to dust.
It is a scroll of identify.
n - a potion of degeneration The orc hits you with a +0 hand axe!
* * * LOW HITPOINT WARNING * * *
The orc misses you.
Blink to where?
Press: ? - help, Dir - move target, p - orc
As you read the scroll labelled IDYIBO RITOQU, it crumbles to dust.
It was a scroll of blinking.
The kobold throws a stone.
The stone hits you.
* * * LOW HITPOINT WARNING * * *
Okay, then.
As you read the scroll labelled EBLODU UXOTOE, it crumbles to dust.
You hear a loud clanging noise!
It was a scroll of noise.
You hear an angry hiss.
The kobold throws a stone.
You block the stone.
The orc throws a boomerang of dispersal.
The boomerang of dispersal hits you.
You die...

#### #.@##
.## ##...#
...# #....#
....####....#
......#.....#
............#
#.......o...#
#......K.o..#
#..#........#


You could see 2 orcs and a kobold.

Vanquished Creatures
  2 dart slugs
  An orc (D:4)
  2 bats
  5 endoplasms
  3 giant cockroaches
  3 hobgoblins
  2 quokkas (D:2)
  5 ball pythons
  3 frilled lizards
  3 goblins (D:1)
  2 kobolds (D:1)
  4 rats (D:1)
35 creatures vanquished.

Notes
Turn   | Place    | Note
-------+----------+-------------------------------------------
     0 | D:1      | kipponium the Demonspawn Gladiator began the quest for the
                  | Orb.
     0 | D:1      | Reached XP level 1. HP: 16/16 MP: 1/1
    63 | D:1      | Found Zafaoc's General Store.
    84 | D:1      | Reached skill level 3 in Axes
   450 | D:1      | Gained mutation: A meltable shield of frost defends you.
                  | (SH +4) [demonic ancestry]
   450 | D:1      | Reached XP level 2. HP: 22/22 MP: 2/2
   564 | D:1      | Reached skill level 1 in Necromancy
   574 | D:1      | Learned a level 1 spell: Pain
   580 | D:1      | Found Niaconick's Distillery.
   589 | D:1      | Found Qoocsuv's Book Shop.
   617 | D:1      | Found Eptaitz's Magic Scroll Shoppe.
   735 | D:1      | Reached skill level 1 in Spellcasting
   738 | D:1      | Found Uxykle's Weapon Emporium.
  1027 | D:2      | Gained mutation: You have large cloven feet. [demonic
                  | ancestry]
  1027 | D:2      | Reached XP level 3. HP: 27/27 MP: 4/4
  1285 | D:2      | You fall into a shaft and drop 2 floors!
  1319 | D:4      | Hit by a boomerang of dispersal thrown by an orc

Illustrated notes

Levels and vault maps discovered:
D:1:      minmay_arrival_semitransparent, layout_loops_ring, serial_shops,
          nicolae_shop_statue_plus, nicolae_shop_temple_entry_statues_fountains,
          nicolae_shop_statue_plus, shop_fountains,
          nicolae_shop_window_shopping, minmay_misc_feat_encased,
          minmay_small_reverse_x
D:2:      layout_loops_ring, serial_shops, shop, minmay_between
D:4:      layout_cave_pods, grunt_tough_drop

Skill      XL: |  1  2  3 |
---------------+----------+-----
Axes           | 3 |  3.1
Necromancy     | 1 2 |  2.0
Spellcasting   | 1 |  1.4
Fighting       | |  2.0
Throwing       | |  1.7
Dodging        | |  2.6

Action                   || total
-------------------------++-------
Melee: War axe           ||    29
       Whip              ||    63
       Kick              ||     8
 Cast: Pain              ||     3
  Use: Scroll            ||     3
       Potion            ||     2
Armor: Leather armour    ||    16
Dodge: Dodged            ||    54
Block: Other             ||    18

Table legend: (Time is in decaauts)
 A = Elapsed time spent in this place.
 B = Non-inter-level travel time spent in this place.
 C = Inter-level travel time spent in this place.
 D = Time resting spent in this place.
 E = Time spent auto-exploring this place.
 F = Levels seen in this place.
 G = Mean time per level.
                   A        B        C        D        E       F      G
               +--------+--------+--------+--------+--------+-----+--------+
         Total |   1327 |   1323 |      4 |    392 |    604 |   3 |  442.3 |
       Dungeon |   1327 |   1323 |      4 |    392 |    604 |   3 |  442.3 |
               +--------+--------+--------+--------+--------+-----+--------+

Top non-repeatable levels by time:
     D:1: 1031 daAuts
     D:2: 261 daAuts
     D:4: 33 daAuts
